 Dungeon Crawl Stone Soup version 0.28.0 (webtiles) character file.

Game seed: 5267345577342036804

55 ProzacElf the Covered (level 3, -1/29 HPs)
             Began as a Demonspawn Fighter on Feb 6, 2022.
             Slain by Sigmund (8 damage)
             ... on level 2 of the Dungeon.
             The game lasted 00:03:54 (2226 turns).

ProzacElf the Covered (Demonspawn Fighter)          Turns: 2226, Time: 00:03:54

Health: -1/29      AC:  8    Str: 16    XL:     3   Next: 67%
Magic:  12/12      EV:  8    Int:  9    God:
Gold:   51         SH:  0    Dex: 14    Spells: 2/2 levels left

rFire   . . .      SeeInvis .   b - +1 dagger (elec)
rCold   . . .      Faith    .   c - +0 buckler
rNeg    . . .      Spirit   .   p - +0 scale mail
rPois   .          Reflect  .   (no helmet)
rElec   .          Harm     .   m - +0 cloak
rCorr   .          Rampage  .   (no gloves)
Will    .....                   (no boots)
Stlth   ..........              (no amulet)
HPRegen 0.09/turn               f - ring of magical power
MPRegen 0.13/turn               (no ring)

@: confused, on berserk cooldown, slowed, very slow
A: powered by death 1
a: no special abilities


You were on level 2 of the Dungeon.
You visited 1 branch of the dungeon, and saw 2 of its levels.

You collected 51 gold pieces.

Inventory:

Hand Weapons
 a - a +0 long sword
 b - a +1 dagger of electrocution (weapon)
 q - the +0 long sword "Death Rattle" {pain, Contam rElec rF- rC+++}
   (You found it on level 2 of the Dungeon)

   In the hands of one skilled in necromantic magic, it inflicts extra damage on
   living creatures.
   rF:        It makes you vulnerable to fire.
   rC:        It renders you almost immune to cold.
   rElec:     It insulates you from electricity.
   Contam:    It causes magical contamination when unequipped.
Missiles
 h - 47 stones (quivered)
 i - 41 sling bullets
 j - 17 arrows
Armour
 c - a +0 buckler (worn)
 m - a +0 cloak (worn)
 p - a +0 scale mail (worn)
Jewellery
 f - a ring of magical power (left hand)
Scrolls
 e - a scroll of silence {unknown}
 g - a scroll of fear {unknown}
 k - 2 scrolls of identify {unknown}
 l - a scroll of magic mapping {unknown}
Potions
 d - a potion of might
 o - a potion of ambrosia {unknown}


   Skills:
 - Level 3.0 Fighting
 + Level 2.9 Long Blades
 + Level 3.5 Armour
 - Level 2.6 Shields


You had 2 spell levels left.
You didn't know any spells.
Your spell library was empty.

Dungeon Overview and Level Annotations

Branches:
Dungeon (2/15)

Altars:

Annotations:
D:2 Robin, Sigmund


Innate Abilities, Weirdness & Mutations

You regenerate a little health from kills.


Message History

Ye take 5 damage, an' haf 26/43 hp.
Ye hit Sigmund but do nay damage.
Sigmund be lightly wounded.
Ye hit Sigmund.
Sigmund be moderately wounded.
Sigmund barely misses ye.
Ye bump inta tha rock wall.
Ye feel a strong urge ta attack somethin'.
Ye feel less confused.
Sigmund hits ye wit' a +0 scytha.
Ye take 3 damage, an' haf 23/43 hp.
Ye barely miss Sigmund.
Sigmund be moderately wounded.
Ye hit Sigmund.
Sigmund be moderately wounded.
Sigmund gestures at ye while chantin'.
Ye be confused.
Ye be nay longer berserk.
Ye be 'shausted.
Ye feel yerself slow down.
Ye now haf 16/29 hp.
Ye bump inta tha rock wall.
Sigmund points at ye an' mumbles some strange words.
Ye be more confused.
Sigmund points at ye an' mumbles some strange words.
Ye resist wit' significant effort.
Ye bump inta tha rock wall.
Sigmund points at ye an' mumbles some strange words.
Ye be more confused.
Ye bump inta tha rock wall.
Sigmund barely misses ye.
Ye bump inta tha rock wall.
Sigmund hits ye but does nay damage.
Ye hit Sigmund.
Sigmund be moderately wounded.
Sigmund hits ye wit' a +0 scytha!
* * * LOW HITPOINT WARNIN'
* * * Ye take 9 damage, an' haf 7/29 hp.
MASSIVE DAMAGE!!
Ye miss Sigmund.
Sigmund be moderately wounded.
Sigmund hits ye wit' a +0 scytha!
Ye die...

##### ....#########
............#
............#
............######
...............@@#
....).......####.#
............#
#.#######..
.....)......#
##.........#
............#
#..[..####
...#........###.###.###
................# #...#
...########...### ###.#
...# #...# #<## #


You could see Sigmund.

Vanquished Creatures
  A gnoll (D:2)
  A dart slug (D:2)
  6 ball pythons
  4 endoplasms (D:1)
  2 giant cockroaches (D:1)
  4 goblins (D:1)
  5 hobgoblins
  2 jackals (D:2)
  4 kobolds
  2 quokkas
  4 bats (D:1)
  A frilled lizard (D:2)
  A rat (D:1)
37 creatures vanquished.

Notes
Turn   | Place    | Note
-------+----------+-------------------------------------------
     0 | D:1      | ProzacElf the Demonspawn Fighter began the quest for the
                  | Orb.
     0 | D:1      | Reached XP level 1. HP: 18/18 MP: 1/1
   321 | D:1      | Gained mutation: You regenerate a little health from kills.
                  | [demonic ancestry]
   321 | D:1      | Reached XP level 2. HP: 6/24 MP: 2/2
  1093 | D:1      | Reached XP level 3. HP: 29/29 MP: 3/3
  1600 | D:2      | Noticed Sigmund
  1614 | D:2      | Noticed Robin
  1701 | D:2      | Identified the +0 long sword "Death Rattle" {pain, Contam
                  | rElec rF- rC+++}
  2226 | D:2      | Slain by Sigmund

Illustrated notes

Levels and vault maps discovered:
D:1:      nicolae_arrival_washed_ashore, layout_basic
D:2:      layout_rooms, cheibrodos_gnoll_hut, uniq_sigmund, uniq_robin

Skill      XL: |  1 |
---------------+----+-----
Long Blades    | 2 |  2.9
Armour         | 3 |  3.5
Fighting       | |  3.0
Shields        | |  2.6

Action                   || total
-------------------------++-------
Melee: Long sword        ||    90
       Dagger            ||    26
  Use: Potion            ||     1
Armor: Scale mail        ||    65
Dodge: Dodged            ||    49
Block: Buckler           ||    25
